 Dungeon Crawl Stone Soup version 0.32-a0-558-g233958a4c4 (webtiles) character file.

Game seed: 17099758707429300159

0 Goblin1989 the Sneak (level 1, 0/18 HPs)
             Began as a Demonspawn Delver on Feb 29, 2024.
             Succumbed to a scorpion's poison
             ... on level 5 of the Dungeon.
             The game lasted 00:00:31 (67 turns).

Goblin1989 the Sneak (Demonspawn Delver)              Turns: 67, Time: 00:00:32

Health: 0/18       AC:  3    Str: 12    XL:     1   Next: 0%
Magic:  1/1        EV: 11    Int: 10    God:
Gold:   0          SH:  0    Dex: 14    Spells: 0/0 levels left

rFire   . . .        a - +0 mace
rCold   . . .        (no shield)
rNeg    . . .        b - +0 leather armour
rPois   .            (no helmet)
rElec   .            (no cloak)
rCorr   .            (no gloves)
SInv    .            (no boots)
Will    .....        (no amulet)
Stlth   ++           (no ring)
HPRegen 0.23/turn    (no ring)
MPRegen 0.07/turn

%: no passive effects
@: lethally poisoned (0 -> -4)
A: no striking features
a: no special abilities


You were on level 5 of the Dungeon.
You visited 1 branch of the dungeon, and saw 1 of its levels.

Inventory:

Hand Weapons
 a - a +0 mace (weapon)
Armour
 b - a +0 leather armour (worn)
Wands
 g - a wand of digging (3) {@v3}
Scrolls
 c - a scroll of fog
 d - a scroll of revelation
 e - a scroll of fear
Potions
 f - a potion of haste {@q3,}


   Skills:
 - Level 3.0 Fighting
 + Level 1.7 Maces & Flails
 - Level 1.7 Dodging
 - Level 4.5 Stealth


You couldn't memorise any spells.
You didn't know any spells.
Your spell library was empty.

Dungeon Overview and Level Annotations

Branches:
Dungeon (5/15) Zot: 5933
 Temple: D:4-7

Altars:


Message History

Bad monster_list_colour key: strict_neutral Options error: Unknown explore stop condition 'gates' (Goblin1989.rc:83) Welcome, Goblin1989 the Demonspawn Delver.
The Orb of Zot is coveted for many reasons.
Will you seize it for your own?
Press ? for a list of commands and other information.
Found a stone staircase leading down.
An adder, a bombardier beetle and a phantom come into view.
The adder hisses angrily.
You hear a shout!
You hear an angry hiss.
You hear a bark! x2
There is a stone staircase leading down here.
A scorpion comes into view.
The scorpion moves out of view.
Found a scroll labelled UNGYFEGA LESH.
A jelly comes into view.
Found a ring mail.
Found a purple potion.
Found a scroll labelled UNGYFEGA LESH.
The scorpion attacks as it pursues you! The scorpion barely misses you.
The scorpion attacks as it pursues you!
The scorpion stings you but does no damage.
The scorpion attacks as it pursues you! The scorpion closely misses you. x2
The scorpion stings you.
You take 1 damage, and have 17/18 hp.
Health restored: 18
Found a trident.
The scorpion attacks as it pursues you! The scorpion completely misses you.
The scorpion stings you.
You take 2 damage, and have 16/18 hp.
The scorpion attacks as it pursues you! The scorpion misses you.
The scorpion attacks as it pursues you! The scorpion stings you!
You are lethally poisoned!
The scorpion poisons you!
You take 7 damage, and have 9/18 hp.
MASSIVE DAMAGE!!
Found a stone staircase leading up.
* * * LOW HITPOINT WARNING * * *
You feel very sick.
You take 3 damage, and have 6/18 hp.
* * * LOW HITPOINT WARNING * * *
You feel very sick.
You see here a +0 trident.
You take 3 damage, and have 3/18 hp.
Okay, then.
A quokka comes into view.
* * * LOW HITPOINT WARNING * * *
You feel sick. The scorpion barely misses you.
* * * LOW HITPOINT WARNING * * *
You feel sick.
You take 2 damage, and have 1/18 hp.
You die...

█.█ ███ █.█ ..█
█.█ █.█ ██.██
█.█
█..W████.██████
█.......).....█
█...███s..███.█


█████ █...█ █@..█ █....███ █....... █.█..<.█. █ ████.... █r█ .. █.. ... ███ ███
You could see a scorpion and a quokka (asleep).

Vanquished Creatures (others)
  A hound (D:5)
  An adder (D:5)
2 creatures vanquished.

Notes
Turn   | Place    | Note
-------+----------+-------------------------------------------
     0 | D:5      | Goblin1989 the Demonspawn Delver began the quest for the
                  | Orb.
     0 | D:5      | Reached XP level 1. HP: 18/18 MP: 1/1
     0 | D:5      | Noticed a jelly
     0 | D:5      | Noticed a bombardier beetle
     0 | D:5      | Noticed a phantom
    34 | D:5      | Noticed a scorpion
    36 | D:5      | Noticed a jelly
    36 | D:5      | Killed a hound
    67 | D:5      | Succumbed to a scorpion's poison

Illustrated notes

Levels and vault maps discovered:
D:5:      layout_loops_ring, xom_confusion_cloud, lemuel_coloured_pillars_altar,
          minmay_temple_entry_hall, minmay_misc_feat_square, uniq_sigmund

Action                     || total
---------------------------++-------
 Armour: Leather armour    ||     4
  Dodge: Dodged            ||     6

Table legend: (Time is in decaauts)
 A = Elapsed time spent in this place.
 B = Non-inter-level travel time spent in this place.
 C = Inter-level travel time spent in this place.
 D = Time resting spent in this place.
 E = Time spent auto-exploring this place.
 F = Levels seen in this place.
 G = Mean time per level.
                   A        B        C        D        E       F      G
               +--------+--------+--------+--------+--------+-----+--------+
         Total |     67 |     67 |      0 |      0 |      0 |   1 |   67.0 |
       Dungeon |     67 |     67 |      0 |      0 |      0 |   1 |   67.0 |
               +--------+--------+--------+--------+--------+-----+--------+

Top non-repeatable levels by time:
     D:5: 67 daAuts
